 Dungeon Crawl Stone Soup version 0.29-a0-997-gf6f7e2dfe7 (webtiles) character file.

Game seed: 619726171376407952

33728 wingedge the Fighter (level 14, -5/124 HPs)
             Began as a Meteoran Wanderer on Aug 3, 2022.
             Was a Believer of Qazlal.
             Shot with an arrow by a salamander (18 damage)
             ... on level 3 of the Snake Pit on Aug 5, 2022.
             The game lasted 02:44:26 (7163 turns).

wingedge the Fighter (Meteoran Wanderer)            Turns: 7163, Time: 02:44:26

Health: -5/124     AC: 13    Str: 16    XL:     14   Next: 43%
Magic:  23/28      EV: 14    Int: 23    God:    Qazlal [**....]
Gold:   509        SH: 14    Dex: 14    Spells: 19/31 levels left

rFire   . . .      SeeInvis .   e - +6 broad axe (chaos)
rCold   . . .      Faith    .   L - +0 kite shield
rNeg    . . .      Spirit   .   l - +0 swamp dragon scales
rPois   +          Reflect  .   W - +0 hat
rElec   .          Harm     .   B - +0 cloak {rCorr}
rCorr   +          Rampage  .   w - +0 pair of gloves
Will    ++...                   V - +0 pair of boots
Stlth   +.........              (no amulet)
HPRegen 0.30/turn               i - +6 ring of intelligence
MPRegen 0.21/turn               C - ring of willpower

@: brilliant, swift (expiring), glowing, very quick
A: sense surroundings 2, otherworldly, glowing, explore regen
a: Renounce Religion, Upheaval


You were on level 3 of the Snake Pit.
You worshipped Qazlal.
Qazlal was pleased with you.
You visited 3 branches of the dungeon, and saw 15 of its levels.
You also visited: Bailey.

You collected 1045 gold pieces.
You spent 536 gold pieces at shops.

Inventory:

Hand Weapons
 d - a +0 broad axe
 e - a +6 broad axe of chaos (weapon)
 J - a +4 war axe
 Z - a +1 broad axe of electrocution
Missiles
 a - 6 curare-tipped darts
 s - 16 boomerangs
 x - 9 boomerangs of dispersal (quivered)
 G - 8 datura-tipped darts
Armour
 j - a +0 buckler
 l - +0 swamp dragon scales (worn)
 w - a +0 pair of gloves (worn)
 y - a +0 cloak
 B - a +0 cloak of preservation (worn)
 L - a +0 kite shield (worn)
 T - a +0 tower shield
 V - a +0 pair of boots (worn)
 W - a +0 hat (worn)
Magical Staves
 U - a staff of earth
Jewellery
 i - a +6 ring of intelligence (left hand)
 k - a ring of resist corrosion
 u - a ring of ice
 C - a ring of willpower (right hand)
 K - a ring of willpower
 X - a ring of protection from fire
Wands
 c - a wand of paralysis (1)
 m - a wand of quicksilver (5)
 P - a wand of digging (8)
 Q - a wand of polymorph (11)
Scrolls
 f - 2 scrolls of fear
 g - 3 scrolls of immolation
 n - 2 scrolls of teleportation
 t - a scroll of amnesia
 v - 2 scrolls of noise
 N - 2 scrolls of vulnerability
 S - a scroll of blinking
 Y - 2 scrolls of silence {unknown}
Potions
 h - 2 potions of cancellation
 o - 2 potions of flight
 r - 6 potions of curing
 z - a potion of degeneration {unknown}
 D - a potion of invisibility {unknown}
 F - 2 potions of might {unknown}
 H - a potion of lignification {unknown}
 O - 4 potions of mutation
 R - 2 potions of attraction {unknown}
Miscellaneous
 q - a lightning rod (4/4)


   Skills:
 + Level 11.2 Fighting
 - Level 7.0 Axes
 - Level 1.2 Throwing
 - Level 8.0 Armour
 - Level 10.0 Dodging
 - Level 8.0 Shields
 - Level 9.0 Spellcasting
 - Level 8.0 Conjurations
 - Level 2.0 Hexes
 - Level 8.0 Summonings
 - Level 4.0 Transmutations
 - Level 10.0 Air Magic
 - Level 3.0 Poison Magic
 - Level 7.0 Invocations
 - Level 1.2 Evocations


You had 19 spell levels left.
You knew the following spells:

 Your Spells              Type           Power      Damage    Failure   Level
a - Poisonous Vapours     Pois/Air       100%       N/A       2%          2
b - Static Discharge      Conj/Air       67%        3-12/arc  1%          2
c - Slow                  Hex            100%       N/A       12%         1
d - Swiftness             Air            71%        N/A       1%          3
e - Summon Lightning Spi  Summ/Air       67%        N/A       6%          4

Your spell library contained the following spells:

 Spells                   Type           Power      Damage    Failure   Level
 Dazzling Flash           Conj/Hex       100%       N/A       10%         3
 Passwall                 Tmut/Erth      24%        N/A       17%         2
 Necrotise                Necr           60%        1d7       26%         1
 Ensorcelled Hibernation  Hex/Ice        44%        N/A       26%         2
 Confusing Touch          Hex            29%        N/A       34%         3
 Hailstorm                Conj/Ice       43%        3d10      45%         4
 Silence                  Hex/Air        27%        N/A       52%         5
 Ozocubu's Armour         Ice            15%        N/A       61%         3
 Vampiric Draining        Necr           15%        2d7       61%         3
 Ice Form                 Ice/Tmut       29%        N/A       75%         4
 Agony                    Necr           15%        N/A       100%        5
 Simulacrum               Ice/Necr       7%         N/A       100%        6
 Ozocubu's Refrigeration  Ice            7%         4d9       100%        7
 Storm Form               Tmut/Air       29%        N/A       100%        7
 Maxwell's Capacitive Co  Air            35%        ∞         100%        8


Dungeon Overview and Level Annotations

Branches:
Dungeon (9/15) Zot: 435    Temple (0/1) D:7            Lair (3/5) D:9 Zot: 824
  Snake (3/4) Lair:2 Zot: 699  Bailey (visited)
  Swamp: Lair:2-3    Shoals: Lair:2-3       Orc: D:9-12

Altars:
Nemelex Xobeh
Qazlal
Vehumet
Xom
Yredelemnul

Shops:
Snake:1 ?*[   Snake:2 :

Annotations:
Snake:2 Mlioglotl
Snake:3 Aizul, Louise


Innate Abilities, Weirdness & Mutations

You passively map the area around you.
You are easily found by Zot.
You glow in the dark.
You regain HP and MP as you explore.


Message History

Your lightning rod (4/4) has regained one charge.
Casting: Static Discharge (safe; 1% risk of failure)
Confirm with . or Enter, or press ? or * to list all spells.
Okay, then.
Casting: Static Discharge (safe; 1% risk of failure)
Confirm with . or Enter, or press ? or * to list all spells.
You feel a surge of power!
The naga sharpshooter is struck by an arc of lightning!
The naga sharpshooter is lightly wounded.
The salamander is struck by an arc of lightning!
The salamander is lightly wounded.
Something is struck by an arc of lightning!
The salamander is struck by an arc of lightning!
The salamander is moderately wounded.
The naga sharpshooter is struck by an arc of lightning!
The naga sharpshooter is moderately wounded.
The lightning grounds out.
You hear an angry hiss.
You block Aizul's attack.
The naga sharpshooter gestures wildly while chanting.
The naga sharpshooter magically shoots a bolt.
You block the bolt.
Casting: Static Discharge (safe; 1% risk of failure)
Confirm with . or Enter, or press ? or * to list all spells.
You feel a surge of power!
Aizul is struck by an arc of lightning!
Aizul is lightly wounded.
The salamander is struck by an arc of lightning.
The salamander is heavily wounded.
The naga mage is struck by an arc of lightning!
The naga mage is heavily wounded.
The lightning grounds out.
The naga sharpshooter is struck by an arc of lightning!
The naga sharpshooter is heavily wounded.
Aizul is struck by an arc of lightning!
Aizul is lightly wounded.
The lightning grounds out.
You start to feel a little slower.
You hear a shout!
Aizul barely misses you.
The salamander shoots an arrow.
The arrow hits you!!
You die...

* ** ** ** , * * ,, ,
, * , * * , , ,, , * ,
* * * * , , , ^## * ,,
>..., * * .....
#....§###########
#....§§@§§8......,, ,
,
#.._.NSN§§#######**,*,
#....NN##N# , * ,
#...... #N. , *, * * ,
##.##.. #..S * *, , ,*
# ##N #.... < , , , *
#. #....., , * * * , ,
* #. #.N..S. , , ,,,,
#......# , ,


You could see Aizul, a naga warrior, a naga sharpshooter, a salamander, a naga
mage and a naga.

Vanquished Creatures
  3 naga warriors
  The ghost of reriks the Ogre Mage, a novice OgFE (D:9)
  A naga sharpshooter (Snake:1)
  A shock serpent (Snake:2)
  A mana viper (Snake:2)
  An orc knight (Bailey)
  3 ugly things (D:9)
  4 salamanders (Snake:2)
  3 naga magi (Snake:2)
  2 guardian serpents
  7 black mambas
  2 cane toads (Lair:1)
  An unseen horror (D:6)
  3 polar bears
  The ghost of OstrichLN the Changer, an amateur DrTm of the Shining One (D:5)
  3 blink frogs (Lair:2)
  Prince Ribbit (D:7)
  Sigmund (D:5)
  An unseen horror simulacrum (D:8)
  4 wyverns
  2 steam dragons
  9 yaks
  A steam dragon (shapeshifter) (D:9)
  A swamp worm (shapeshifter) (D:9)
  10 nagas
  6 water moccasins
  2 nameless horrors
  3 orc warriors
  2 sky beasts
  5 ice beasts
  11 wolves
  4 centaurs
  A centaur (shapeshifter) (D:9)
  8 kobold brigands
  2 bullfrogs
  A necrophage (D:7)
  10 wights
  5 killer bees (D:9)
  A killer bee (shapeshifter) (D:9)
  8 howler monkeys
  2 electric eels (D:8)
  A hound (D:5)
  2 jellies
  2 orc priests (D:7)
  A gnoll bouda (D:9)
  3 iguanas
  4 orc wizards
  9 gnolls
  7 adders
  4 white imps (D:8)
  A howler monkey simulacrum (D:8)
  A worm (D:5)
  2 dart slugs (D:2)
  18 orcs
  6 endoplasms
  2 giant cockroaches
  8 hobgoblins
  10 jackals
  3 quokkas
  7 ball pythons
  2 bats
  A frilled lizard (D:1)
  7 goblins
  22 kobolds
  4 rats
265 creatures vanquished.

Vanquished Creatures (collateral kills)
  Frances (Snake:2)
  The ghost of Valamore the Destroyer, a journeyman OpCj of Vehumet (Lair:1)
  2 anacondas (Snake:1)
  A naga warrior (Snake:1)
  A dancing weapon (Lair:1)
  3 naga sharpshooters (Snake:1)
  A salamander mystic (Snake:2)
  A naga ritualist (Snake:2)
  A mana viper (Snake:2)
  A salamander (Snake:2)
  A naga mage (Snake:2)
  A cane toad (Lair:1)
  A black mamba (Snake:1)
  A rime drake (Lair:2)
  5 blink frogs (Lair:2)
  A basilisk (D:9)
  A neqoxec (D:9)
  3 yaks (D:9)
  5 nagas
  A water moccasin (Lair:1)
  A black bear (Lair:1)
  2 wolves (Lair:1)
  A boggart (shapeshifter) (D:9)
  2 bullfrogs (Lair:2)
  An iguana (D:9)
  A jackal (D:1)
41 creatures vanquished.

Vanquished Creatures (others)
  4 fungi
  28 plants
  2 starspawn tentacles (Snake:2)
34 creatures vanquished.

Grand Total: 340 creatures vanquished

Notes
Turn   | Place    | Note
-------+----------+-------------------------------------------
     0 | D:1      | wingedge the Meteoran Wanderer began the quest for the Orb.
     0 | D:1      | wingedge set off with the following items: a +0 dagger, 3
                  | throwing nets, a scroll of fog, a scroll of summoning, a +0
                  | leather armour; and the following spells available to
                  | memorise: Poisonous Vapours, Static Discharge.
     0 | D:1      | Reached XP level 1. HP: 17/17 MP: 5/5
    96 | D:1      | Reached XP level 2. HP: 12/24 MP: 6/6
   171 | D:1      | Learned a level 2 spell: Poisonous Vapours
   174 | D:1      | Learned a level 2 spell: Static Discharge
   368 | D:1      | Reached skill level 3 in Fighting
   413 | D:1      | Reached XP level 3. HP: 31/31 MP: 2/8
   500 | D:1      | Glimpsed the power of Zot.
   607 | D:2      | Reached skill level 1 in Conjurations
   638 | D:2      | Reached XP level 4. HP: 36/38 MP: 5/9
   731 | D:2      | Reached skill level 1 in Armour
   791 | D:2      | You fall into a shaft and drop 2 floors!
  1046 | D:2      | Found a faded altar of an unknown god.
  1098 | D:3      | Reached XP level 5. HP: 36/45 MP: 7/10
  1244 | D:3      | Reached skill level 1 in Poison Magic
  1771 | D:4      | Upgraded the game from 0.29-a0-994-gc5c9f59d18 to
                  | 0.29-a0-997-gf6f7e2dfe7
  1801 | D:4      | Reached XP level 6. HP: 33/51 MP: 2/13
  2293 | D:4      | Glimpsed the power of Zot.
  2303 | D:5      | Entered Level 5 of the Dungeon
  2366 | D:5      | Reached skill level 5 in Spellcasting
  2393 | D:5      | Learned a level 1 spell: Slow
  2417 | D:5      | Learned a level 3 spell: Swiftness
  2417 | D:5      | Noticed Sigmund
  2428 | D:5      | Killed Sigmund
  2429 | D:5      | Reached XP level 7. HP: 31/57 MP: 2/15
  2522 | D:5      | Found a runed translucent gate.
  2523 | D:5      | Noticed OstrichLN's ghost (amateur DrTm)
  2525 | D:5      | Found a runed translucent gate.
  2526 | D:5      | Found a runed translucent gate.
  2570 | D:5      | Reached skill level 1 in Hexes
  2570 | D:5      | Reached skill level 4 in Fighting
  2581 | D:5      | Reached XP level 8. HP: 35/66 MP: 1/17
  2587 | D:5      | Killed OstrichLN's ghost
  2663 | D:5      | Noticed a steam dragon
  2671 | D:5      | Reached skill level 5 in Air Magic
  2671 | D:5      | Killed a steam dragon
  2840 | D:6      | Killed an unseen horror
  2841 | D:6      | Reached skill level 5 in Conjurations
  2841 | D:6      | Gained mutation: You passively map the area around you.
                  | [Meteoran growth]
  2841 | D:6      | Reached XP level 9. HP: 44/71 MP: 9/20
  2904 | D:6      | Found a stormy altar of Qazlal.
  2912 | D:6      | Became a worshipper of Qazlal Stormbringer
  2936 | D:6      | Reached skill level 1 in Invocations
  3108 | D:7      | Noticed Prince Ribbit
  3127 | D:7      | Killed Prince Ribbit
  3128 | D:7      | Reached skill level 1 in Shields
  3137 | D:7      | Reached skill level 5 in Fighting
  3177 | D:7      | Found a flagged portal.
  3198 | Bailey   | Entered a bailey
  3213 | Bailey   | Reached * piety under Qazlal
  3281 | Bailey   | Noticed an orc knight
  3292 | Bailey   | Killed an orc knight
  3293 | Bailey   | Reached skill level 6 in Fighting
  3293 | Bailey   | Reached XP level 10. HP: 47/83 MP: 9/22
  3319 | Bailey   | Found an iron altar of Okawaru.
  3334 | Bailey   | Identified the +3 ring mail "Huiwn" {Will- Slay+5}
  3384 | D:7      | Reached skill level 5 in Armour
  3520 | D:7      | Reached skill level 5 in Invocations
  3584 | D:7      | Reached ** piety under Qazlal
  3759 | D:7      | Found a staircase to the Ecumenical Temple.
  3881 | D:8      | Reached skill level 5 in Dodging
  3957 | D:8      | Reached skill level 5 in Shields
  3957 | D:8      | Reached skill level 1 in Axes
  3960 | D:8      | Reached XP level 11. HP: 54/89 MP: 8/24
  4030 | D:8      | Found a sparkling altar of Nemelex Xobeh.
  4070 | D:8      | Reached skill level 7 in Fighting
  4174 | D:8      | Reached *** piety under Qazlal
  4606 | D:9      | Found a runed translucent gate.
  4606 | D:9      | Found a runed translucent gate.
  4606 | D:9      | Found a runed translucent gate.
  4607 | D:9      | Noticed a red ugly thing
  4608 | D:9      | Noticed a green ugly thing
  4608 | D:9      | Noticed a deep troll
  4609 | D:9      | Noticed a red ugly thing
  4610 | D:9      | Noticed a mana viper
  4610 | D:9      | a deep troll changed into a mana viper
  4611 | D:9      | a mana viper changed into a culicivora
  4632 | D:9      | Noticed a fire crab
  4632 | D:9      | a redback changed into a fire crab
  4635 | D:9      | Noticed a harpy
  4635 | D:9      | a fire crab changed into a harpy
  4638 | D:9      | Reached skill level 8 in Fighting
  4638 | D:9      | a harpy changed into a spriggan
  4640 | D:9      | Reached skill level 1 in Summonings
  4643 | D:9      | Noticed a guardian serpent
  4643 | D:9      | a spriggan changed into a guardian serpent
  4645 | D:9      | Noticed a harpy
  4645 | D:9      | a guardian serpent changed into a harpy
  4691 | D:9      | Noticed a guardian serpent
  4691 | D:9      | a yak changed into a guardian serpent
  4693 | D:9      | Noticed a moth of wrath
  4693 | D:9      | a guardian serpent changed into a moth of wrath
  4706 | D:9      | a moth of wrath changed into a swamp worm
  4712 | D:9      | Killed a green ugly thing
  4713 | D:9      | Reached skill level 5 in Summonings
  4713 | D:9      | Killed a green ugly thing
  4716 | D:9      | Killed a green ugly thing
  4718 | D:9      | Found a runed translucent gate.
  4718 | D:9      | Found a runed translucent gate.
  4725 | D:9      | Noticed a harpy
  4725 | D:9      | a raiju changed into a harpy
  4725 | D:9      | Noticed reriks's ghost (novice OgFE)
  4726 | D:9      | a harpy changed into a black bear
  4727 | D:9      | Found a runed translucent gate.
  4734 | D:9      | Noticed a swamp dragon
  4734 | D:9      | a golden eye changed into a swamp dragon
  4755 | D:9      | Learned a level 4 spell: Summon Lightning Spire
  4760 | D:9      | Found a staircase to the Lair.
  4773 | D:9      | Reached XP level 12. HP: 74/102 MP: 4/25
  4865 | D:9      | Killed reriks's ghost
  4866 | D:9      | Reached skill level 9 in Fighting
  5016 | D:9      | Found a radiant altar of Vehumet.
  5094 | Lair:1   | Entered Level 1 of the Lair of Beasts
  5101 | Lair:1   | Reached **** piety under Qazlal
  5219 | Lair:1   | Reached skill level 1 in Transmutations
  5336 | Lair:1   | You fall into a shaft and drop 1 floor!
  5532 | Lair:1   | Found a runed translucent door.
  5532 | Lair:1   | Found a shimmering altar of Xom.
  5532 | Lair:1   | Noticed Valamore's ghost (journeyman OpCj)
  5532 | Lair:1   | Noticed a +2 broad axe of chaos
  5547 | Lair:1   | Killed Valamore's ghost
  5555 | Lair:1   | Killed a +2 broad axe of chaos
  5556 | Lair:1   | Reached skill level 10 in Fighting
  5765 | Lair:2   | Reached XP level 13. HP: 48/113 MP: 16/26
  5792 | Lair:2   | Reached skill level 5 in Axes
  6032 | Lair:2   | Found a staircase to the Snake Pit.
  6061 | Snake:1  | Entered Level 1 of the Snake Pit
  6062 | Snake:1  | Noticed an anaconda
  6069 | Snake:1  | Killed an anaconda
  6115 | Snake:1  | Found Diukuit's Antique Armour Boutique.
  6115 | Snake:1  | Found Wyezo's Magic Scroll Shop.
  6130 | Snake:1  | Bought a scroll of blinking for 97 gold pieces
  6130 | Snake:1  | Bought a scroll of identify for 26 gold pieces
  6130 | Snake:1  | Bought a scroll of enchant weapon for 97 gold pieces
  6130 | Snake:1  | Bought a scroll of identify for 26 gold pieces
  6130 | Snake:1  | Bought a scroll of fear for 52 gold pieces
  6130 | Snake:1  | Bought a scroll of identify for 26 gold pieces
  6153 | Snake:1  | Found Ohooff's Assorted Antiques.
  6157 | Snake:1  | Bought a scroll of blinking for 187 gold pieces
  6157 | Snake:1  | Bought a scroll labelled XAUN TIXZIAC for 25 gold pieces
  6170 | Snake:1  | Noticed a naga warrior
  6180 | Snake:1  | Killed a naga warrior
  6180 | Snake:1  | HP: 1/113 [/static electricity (5)]
  6227 | Snake:1  | Noticed an anaconda
  6235 | Snake:1  | Killed an anaconda
  6570 | Snake:1  | Glimpsed the power of Zot.
  6585 | Snake:1  | Noticed a naga warrior
  6587 | Snake:1  | Noticed a naga warrior
  6593 | Snake:1  | Killed a naga warrior
  6594 | Snake:1  | Reached skill level 10 in Dodging
  6602 | Snake:1  | Killed a naga warrior
  6619 | Snake:1  | Glimpsed the power of Zot.
  6640 | Snake:2  | HP: 1/113 [shock serpent/bolt of electricity (17)]
  6874 | Snake:2  | Reached XP level 14. HP: 37/122 MP: 5/28
  6907 | Snake:2  | Found Aramirav's Self-Improvement Boutique.
  6914 | Snake:2  | Noticed Frances
  6923 | Snake:2  | Killed Frances
  6924 | Snake:2  | Reached skill level 11 in Fighting
  6971 | Snake:3  | Noticed Louise
  6971 | Snake:3  | Found a basalt altar of Yredelemnul.
  7058 | Snake:2  | Reached skill level 10 in Air Magic
  7120 | Snake:2  | Noticed Mlioglotl
  7128 | Snake:2  | Noticed a tentacled starspawn
  7157 | Snake:3  | Noticed Aizul
  7159 | Snake:3  | HP: 6/124 [naga/+0 trident (18)]
  7163 | Snake:3  | Shot with an arrow by a salamander

Illustrated notes

Levels and vault maps discovered:
D:1:      psy_arrival_radial02, layout_basic
D:2:      layout_loops_ring, hellmonk_ecumenical_altar_heavens_door
D:3:      layout_loops_corners
D:4:      layout_basic, minivault_5, minmay_stone_trees_small,
          kennysheep_pointless_box
D:5:      layout_basic, gammafunk_ghost_split, uniq_blork_the_orc, uniq_sigmund
D:6:      layout_basic, nicolae_qazlal_scattered_showers
D:7:      layout_layer_cave, temple_doors_e, enter_bailey_5, uniq_prince_ribbit1
D:8:      layout_loops_ring, mainiacjoe_overflow_small_starburst, serial_ice,
          serial_ice_b, serial_ice_o, serial_ice_f, serial_ice_c, serial_ice_i,
          serial_ice_h, serial_ice_n
D:9:      layout_gridville, mainiacjoe_overflow_surrounded_room,
          minmay_lair_entry_grove, ploomutoo_gammafunk_ghost_potion_laboratory,
          chequers_serial_rivers_marsh, dk_noncrumbling_3
Lair:1:   layout_roguey, ebering_ghost_xom
Lair:2:   layout_chaotic_city, minmay_snake_entry_guardpost_small,
          wad_woods_road_03
Lair:3:   layout_gridlike, palyth_hydra_swamp_entry
Snake:1:  layout_layer_cave, serial_shops, shop_fountains, minmay_shoptagon,
          grunt_megastairs_3
Snake:2:  nicolae_snake_hallway, layout_misc_corridors, nicolae_shop_self_help,
          uniq_frances, uniq_mlioglotl
Snake:3:  layout_rooms, serial_shops, nicolae_shop_crystal, basic_altar,
          uniq_kirke, uniq_vashnia, uniq_aizul, uniq_louise, uniq_saint_roka

Skill      XL: |  1  2  3  4  5  6  7  8  9 10 11 12 13 14 |
---------------+-------------------------------------------+-----
Dodging        | 3 4 5 6 10 | 10.0
Fighting       | 3 4 6 8 10 11 | 11.2
Spellcasting   | 3 4 5 7 8 9 |  9.0
Air Magic      | 3 4 5 6 7 9 10 | 10.0
Conjurations   | 1 2 3 5 6 8 |  8.0
Armour         | 1 2 3 4 5 7 8 |  8.0
Poison Magic   | 1 2 3 |  3.0
Hexes          | 1 2 |  2.0
Invocations    | 4 5 7 |  7.0
Shields        | 4 5 6 7 8 |  8.0
Axes           | 2 3 4 7 |  7.0
Summonings     | 7 8 |  8.0
Transmutations | 3 4 |  4.0
Throwing       | |  1.2
Evocations     | |  1.2

Action                   |  1- 3 |  4- 6 |  7- 9 | 10-12 | 13-15 || total
-------------------------+-------+-------+-------+-------+-------++-------
Melee: Dagger            |    59 |       |       |       |       ||    59
       Punch             |     3 |       |       |       |       ||     3
       Whip              |     6 |    70 |    21 |     1 |       ||    98
       Spear             |       |       |     3 |       |       ||     3
       War axe           |       |       |       |    39 |       ||    39
       Broad axe         |       |       |       |     3 |    22 ||    25
Throw: Throwing net      |     3 |       |       |       |       ||     3
       Dart              |       |       |       |     3 |     1 ||     4
       Boomerang         |       |       |       |       |     2 ||     2
 Cast: Poisonous Vapours |    12 |    63 |    32 |    58 |     7 ||   172
       Static Discharge  |     4 |    18 |    46 |   120 |    65 ||   253
       Slow              |       |     1 |     3 |    16 |     4 ||    24
       Summon Lightning  |       |       |       |    13 |    29 ||    42
       Swiftness         |       |       |       |       |     2 ||     2
Invok: Elemental Force   |       |       |       |     2 |     1 ||     3
       Upheaval          |       |       |       |     1 |    15 ||    16
Evoke: Wand              |       |     1 |     3 |     5 |     6 ||    15
       Lightning rod     |       |       |       |       |     2 ||     2
  Use: Scroll            |     1 |    10 |     3 |     4 |    14 ||    32
       Potion            |       |       |       |       |    18 ||    18
 Stab: Paralysed         |       |       |       |     1 |     2 ||     3
       Distracted        |       |       |       |     1 |       ||     1
Armor: Leather armour    |    27 |     1 |       |       |       ||    28
       Swamp dragon scal |       |    36 |    41 |    64 |    23 ||   164
Dodge: Dodged            |    50 |    44 |    33 |    55 |    46 ||   228
Block: Buckler           |     1 |     1 |     9 |    10 |       ||    21
       Kite shield       |       |       |       |    89 |   103 ||   192

Table legend: (Time is in decaauts)
 A = Elapsed time spent in this place.
 B = Non-inter-level travel time spent in this place.
 C = Inter-level travel time spent in this place.
 D = Time resting spent in this place.
 E = Time spent auto-exploring this place.
 F = Levels seen in this place.
 G = Mean time per level.
                   A        B        C        D        E       F      G
               +--------+--------+--------+--------+--------+-----+--------+
         Total |   7194 |   6379 |    815 |      0 |      0 |  16 |  449.6 |
       Dungeon |   4964 |   4254 |    710 |      0 |      0 |   9 |  551.6 |
          Lair |    975 |    912 |     63 |      0 |      0 |   3 |  325.0 |
     Snake Pit |   1099 |   1057 |     42 |      0 |      0 |   3 |  366.3 |
        Bailey |    153 |    153 |      0 |      0 |      0 |   1 |  153.0 |
               +--------+--------+--------+--------+--------+-----+--------+

Top non-repeatable levels by time:
 Snake:1: 695 daAuts
     D:3: 661 daAuts
     D:4: 648 daAuts
     D:8: 641 daAuts
     D:9: 608 daAuts
     D:7: 602 daAuts
     D:1: 526 daAuts
  Lair:1: 515 daAuts
     D:5: 487 daAuts
     D:2: 473 daAuts
  Lair:2: 458 daAuts
 Snake:2: 389 daAuts
     D:6: 316 daAuts
  Bailey: 153 daAuts
 Snake:3: 14 daAuts
